 Dungeon Crawl Stone Soup version 0.26.0-45-g9c1d065592 (webtiles) character file.

Game seed: 10470062020404351953

(classic levelgen) 19312 thiole the Thaumaturge (level 12, -5/121 HPs)
             Began as an Octopode Hedge Wizard on Feb 1, 2021.
             Was an Initiate of Gozag.
             Killed from afar by an orc sorcerer (13 damage)
             ... with a bolt of fire
             ... on level 2 of the Orcish Mines.
             The game lasted 01:17:16 (20842 turns).

thiole the Thaumaturge (Octopode Hedge Wizard)     Turns: 20842, Time: 01:17:17

Health: -5/121     AC: 30    Str: 24    XL:     12   Next: 67%
Magic:  27/27      EV:  2    Int: 26    God:    Gozag
Gold:   2311       SH:  0    Dex: 13    Spells: 7/33 levels left

rFire    . . .     SeeInvis .   m - +6 scythe of Causality {flame, *Noise +Blink Str+9}
rCold    + + .     Faith    .   (shield currently unavailable)
rNeg     + + +     Spirit   .   (helmet currently unavailable)
rPois    +         Reflect  .   o - amulet of magic regeneration
rElec    +         Harm     .   (no ring)
rCorr    +         Rampage  .   q - +4 ring of protection
Will     .....     NoTele   +   r - +6 ring of strength (curse)
Stlth    +++.......             y - +6 ring of intelligence
HPRegen  0.30/turn              C - ring of positive energy
MPRegen  0.45/turn              D - ring of wizardry
                                J - ring of ice
                                O - ring of flight

@: mighty, tree-form, resistant
A: almost no armour, stealthy swim, (amphibious), 8 rings, (constrict 8)
a: End Transformation, Renounce Religion, Evoke Blink, Potion Petition, Call
Merchant, Bribe Branch


You were on level 2 of the Orcish Mines.
You worshipped Gozag.
Gozag was most pleased with you.
You were a tree.
You visited 3 branches of the dungeon, and saw 12 of its levels.
You also visited: Sewer, Bailey and Ice Cave.

You collected 3375 gold pieces.
You spent 16 gold pieces at shops.
You paid 1048 gold pieces to Gozag.

Inventory:

Hand Weapons
 a - a +0 dagger
 f - the +1 glaive "Focoxtik" {vorpal, rC- rN+ Dex+2, unknown}
   (You found it in an ice cave)

   It inflicts extra damage upon your enemies.
   It affects your dexterity (+2).
   It makes you vulnerable to cold.
   It protects you from negative energy.
 j - the +4 flail of Dung {distort, Str+6, unknown}
   (You found it in an ice cave)

   It warps and distorts space around it.
   Unwielding it can cause banishment or high damage.
   It affects your strength (+6).
 l - the +6 shortbow "Pekhloibo" {flame, rC+ Will+, unknown}
   (You found it in an ice cave)

   It causes projectiles fired from it to burn those they strike, causing extra
   injury to most foes and up to half again as much damage against particularly
   susceptible opponents.
   It protects you from cold.
   It affects your willpower, your defense against some magical effects.
 m - the +6 scythe of Causality (weapon) {flame, *Noise +Blink Str+9}
   (You took it off a gnoll in a bailey)

   It has been specially enchanted to burn those struck by it, causing extra
   injury to most foes and up to half again as much damage against particularly
   susceptible opponents.
   Big, fiery blades are also staple armaments of hydra-hunters.
   It affects your strength (+9).
   It lets you blink.
   It may make noises in combat.
 B - a +1 dagger of protection
 K - the +10 trident "Femniode" {protect, Will++}
   (You took it off a necromancer in an ice cave)

   It grants its wielder temporary protection when it strikes (+7 to AC).
   It affects your willpower, your defense against some magical effects.
Missiles
 d - 345 stones
 i - 15 poisoned darts
Armour
 b - a +0 hat (melded)
Magical Staves
 L - an uncursed staff of conjuration
Jewellery
 h - an uncursed amulet of reflection
 o - an amulet of magic regeneration (around neck)
 p - an uncursed ring of fire
 q - a +4 ring of protection (right branch)
 r - a cursed +6 ring of strength (on tentacle)
 x - an uncursed amulet of regeneration
 y - a +6 ring of intelligence (on tentacle)
 A - an uncursed ring of protection from fire
 C - a ring of positive energy (on tentacle)
 D - a ring of wizardry (on tentacle)
 J - a ring of ice (on tentacle)
 O - a ring of flight (on tentacle)
 Q - a cursed amulet of inaccuracy {unknown}
Wands
 t - a wand of flame (18)
 I - a wand of paralysis (6)
 R - a wand of polymorph (13)
Scrolls
 c - 5 scrolls of teleportation
 k - 4 scrolls of remove curse
 v - a scroll of fear {unknown}
 w - a scroll of enchant weapon {unknown}
 F - 2 scrolls of enchant armour {unknown}
 H - a scroll of fog {unknown}
 N - 2 scrolls of noise {unknown}
 P - 4 scrolls of random uselessness {unknown}
Potions
 e - 3 potions of lignification
 g - 3 potions of curing
 s - 3 potions of flight
 u - a potion of cancellation
 z - 2 potions of haste
 E - 2 potions of brilliance
 M - a potion of might {unknown}
 S - 2 potions of ambrosia
 T - a potion of mutation {unknown}
Miscellaneous
 n - a lightning rod (3/4)
 G - a box of beasts (inert)


   Skills:
 - Level 7.0 Fighting
 - Level 4.0 Short Blades
 - Level 6.0 Dodging
 - Level 5.0 Stealth
 - Level 11.0 Spellcasting
 - Level 4.0 Conjurations
 - Level 2.0 Summonings
 - Level 1.0 Translocations
 * Level 6.4 Transmutations
 - Level 4.0 Fire Magic
 - Level 3.0 Air Magic
 - Level 7.0 Earth Magic
 - Level 6.0 Poison Magic
 - Level 5.0 Evocations


You had 7 spell levels left.
You knew the following spells:

 Your Spells              Type           Power        Failure   Level
a - Magic Dart            Conj           100%         1%          1
b - Call Imp              Summ           25%          1%          2
c - Blink                 Tloc           N/A          1%          2
d - Mephitic Cloud        Conj/Pois/Air  36%          1%          3
e - Stone Arrow           Conj/Erth      84%          1%          3
f - Passwall              Tmut/Erth      40%          1%          2
g - Olgreb's Toxic Radia  Pois           45%          1%          4
h - Ignite Poison         Fire/Tmut/Pois 42%          1%          3
i - Slow                  Hex            14%          2%          2
j - Fulminant Prism       Conj/Hex       12%          8%          4

Your spell library contained the following spells:

 Spells                   Type           Power        Failure   Level
 Sandblast                Erth           100%         1%          1
 Sting                    Tmut/Pois      100%         1%          1
 Poisonous Vapours        Pois/Air       74%          1%          2
 Searing Ray              Conj           70%          1%          2
 Conjure Flame            Conj/Fire      35%          1%          3
 Petrify                  Tmut/Erth      49%          1%          4
 Dazzling Flash           Conj/Hex       48%          2%          3
 Lee's Rapid Deconstruct  Erth           25%          2%          5
 Iskenderun's Mystic Bla  Conj/Tloc      27%          6%          4


Dungeon Overview and Level Annotations

Branches:
Dungeon (9/15)             Temple (1/1) D:5            Lair (0/6) D:9
    Orc (2/2) D:9             Elf (0/3) Orc:2         Sewer (visited)
 Bailey (visited)           IceCv (visited)

Altars:
Dithmenos
Elyvilon
Fedhas
Gozag
Hepliaklqana
Kikubaaqudgha
Makhleb
Nemelex Xobeh
Okawaru
Qazlal
Ru
Sif Muna
Uskayaw
Vehumet
Wu Jian
Xom
Yredelemnul
The Shining One
Beogh

Shops:
D:4 *   Orc:2 (!


Innate Abilities, Weirdness & Mutations

You cannot wear most types of armour.
You are very stealthy in the water. (Stealth+)
((You are amphibious.))
You can wear up to eight rings at the same time.
((You can use your tentacles to constrict eight enemies at once.))
((Your skin changes colour to match your surroundings (Stealth+).))
((Your rubbery body absorbs attacks. (AC +1, EV +1)))


Message History

The orc sorcerer hits you but does no damage.
The ogre mage casts a spell at you. The crystal spear hits you!!
* * * LOW HITPOINT WARNING * * *
The ogre mage completely misses you.
You hear a shout!
You hear a shout!
The orc sorcerer hits you but does no damage.
The ogre mage hits you but does no damage.
The ogre mage barely misses you.
You can move again.
Casting: Olgreb's Toxic Radiance (mildly dangerous; 1% risk of failure)
Confirm with . or Enter, or press ? or * to list all spells.
Okay, then.
You feel better.
The ogre mage hits you but does no damage.
The orc sorcerer points at you and mumbles some strange words.
The bolt of fire hits you!
You die...
Your body crumbles into a pile of gold.

#≈§...≈≈≈≈ .'..≈#
.#≈........ '.)≈#
.∩#≈..8..... '$$≈#
...#≈...§....
#.$≈##...#≈....≈≈§§
#..≈≈...8#≈...####≈
##........#≈......## #
##..Oo$.≈≈§#≈........
## ##..O♣..# #≈...≈≈≈..
.##
##.$.$...#####≈§.#####.
..##
#≈.8.....#..≈≈≈...§≈≈..
...$
#≈.#.).).)).)..........
.... #≈
#_....#.8.........##
.#... #
###8.[+)...§≈≈.8###§
.....
#≈≈...##...≈§≈≈≈≈≈≈##
.#...
##≈≈≈##≈≈§≈§§≈≈§≈≈≈≈#
..>..
##########≈≈≈≈≈#####


You could see 2 ogre magi and an orc sorcerer.

Vanquished Creatures
  An ettin (Orc:2)
  2 ogre magi (Orc:2)
  2 two-headed ogres
  A necromancer (IceCv)
  4 orc sorcerers (Orc:2)
  An orc knight (Orc:1)
  3 ice statues (IceCv)
  Maggie (D:6)
  11 ice devils (IceCv)
  3 trolls
  2 hornets
  A wyvern (D:9)
  Sigmund (D:6)
  A vampire (D:9)
  Grum (D:9)
  2 wargs (Orc:2)
  An ice beast (D:9)
  A sky beast (D:9)
  2 black bears (D:7)
  18 orc warriors
  7 ogres
  3 centaurs
  4 wolves (D:9)
  A big kobold (D:9)
  4 bullfrogs
  6 gnoll sergeants (Bailey)
  A scorpion (D:7)
  11 wights
  3 howler monkeys
  3 electric eels (D:9)
  2 quasits
  A draconian simulacrum (IceCv)
  A bullfrog skeleton (D:6)
  2 bullfrog zombies (D:6)
  4 hounds
  2 jellies
  2 centaur skeletons
  12 orc priests
  4 gnoll shamans (Bailey)
  27 orc wizards
  2 iguanas
  2 troll simulacra (IceCv)
  6 worker ants
  A centaur simulacrum (IceCv)
  A hound zombie (D:6)
  A hound skeleton (D:6)
  A howler monkey zombie (D:6)
  2 worker ant zombies (D:6)
  17 gnolls
  7 adders
  A howler monkey skeleton (D:9)
  5 naga simulacra (IceCv)
  A white imp (D:5)
  3 ufetubi
  15 oozes
  A worm (D:2)
  5 dart slugs
  14 leopard geckos
  64 orcs
  19 giant cockroaches
  8 goblins
  6 hobgoblins
  2 jackals (D:2)
  10 kobolds
  3 quokkas
  6 ball pythons (Sewer)
  10 bats
  23 frilled lizards
  2 jackal zombies (D:6)
  A leopard gecko skeleton (D:6)
  2 quokka skeletons
  A quokka zombie (D:5)
  8 rats
409 creatures vanquished.

Vanquished Creatures (collateral kills)
  A two-headed ogre (D:8)
  A warg (Orc:1)
  2 gnoll sergeants (Bailey)
  4 bullfrogs
  A wyvern skeleton (D:9)
  A wight (D:8)
  A howler monkey (D:8)
  A bullfrog zombie (D:6)
  3 gnoll shamans
  2 hounds
  2 orc wizards (D:8)
  A worker ant (D:5)
  7 gnolls
  An ogre simulacrum (IceCv)
  A worm (D:5)
  4 leopard geckos (Sewer)
  3 orcs
  A giant cockroach (Sewer)
  A ball python (Sewer)
  A frilled lizard (Sewer)
39 creatures vanquished.

Vanquished Creatures (others)
  An electric eel (D:9)
  An orc (D:9)
  70 fulminant prisms (IceCv)
  2 withered plants (D:6)
74 creatures vanquished.

Grand Total: 522 creatures vanquished

Notes
Turn   | Place    | Note
-------+----------+-------------------------------------------
     0 | D:1      | thiole the Octopode Hedge Wizard began the quest for the
                  | Orb.
     0 | D:1      | Reached XP level 1. HP: 11/11 MP: 4/4
   171 | D:1      | Reached XP level 2. HP: 17/17 MP: 6/6
   832 | D:1      | Reached XP level 3. HP: 21/21 MP: 4/7
   863 | D:1      | Learned a level 2 spell: Call Imp
   866 | D:1      | Learned a level 2 spell: Blink
   870 | D:1      | Learned a level 3 spell: Mephitic Cloud
  1840 | D:2      | Reached XP level 4. HP: 27/27 MP: 5/8
  2838 | D:3      | You fall into a shaft and drop 1 floor!
  3010 | D:4      | Reached XP level 5. HP: 29/31 MP: 4/9
  3046 | D:4      | Found Jyttue's Assorted Antiques.
  3053 | D:4      | Bought a scroll labelled BAKI AMAAS for 16 gold pieces
  3220 | D:4      | Found a glowing drain.
  3224 | Sewer    | Entered a sewer
  3242 | Sewer    | Reached skill level 1 in Transmutations
  3242 | Sewer    | Reached skill level 1 in Earth Magic
  4497 | Sewer    | Reached XP level 6. HP: 35/36 MP: 2/10
  5623 | D:3      | Reached skill level 1 in Fighting
  6278 | D:3      | Reached skill level 1 in Air Magic
  6278 | D:3      | Reached XP level 7. HP: 28/45 MP: 7/11
  6445 | D:3      | Found a shadowy altar of Dithmenos.
  7207 | D:5      | Entered Level 5 of the Dungeon
  7397 | D:5      | Found a staircase to the Ecumenical Temple.
  7403 | Temple   | Entered the Ecumenical Temple
  7562 | Temple   | Became a worshipper of Gozag Ym Sagoz the Greedy
  7606 | D:5      | Learned a level 3 spell: Stone Arrow
  9080 | D:5      | Reached XP level 8. HP: 50/50 MP: 12/12
  9723 | D:6      | Noticed Maggie
  9743 | D:6      | Killed Maggie
  9744 | D:6      | Reached skill level 4 in Spellcasting
  9755 | D:6      | Reached skill level 5 in Spellcasting
 10199 | D:6      | Reached skill level 5 in Earth Magic
 10489 | D:6      | Reached skill level 1 in Evocations
 10662 | D:6      | Found a shimmering blue altar of Sif Muna.
 10776 | D:6      | Reached XP level 9. HP: 54/54 MP: 11/16
 10795 | D:6      | Noticed Sigmund
 11272 | D:6      | Killed Sigmund
 11492 | D:7      | Found a flagged portal.
 11500 | Bailey   | Entered a bailey
 11731 | Bailey   | Identified the +6 scythe of Causality {flame, *Noise +Blink
                  | Str+9}
 12097 | Bailey   | Reached skill level 5 in Evocations
 12680 | D:7      | Found a burning altar of Makhleb.
 12680 | D:7      | Noticed a cacodemon
 12683 | D:7      | Noticed a hellwing
 13202 | D:7      | Reached skill level 5 in Transmutations
 13479 | D:7      | Learned a level 2 spell: Passwall
 13663 | D:8      | Noticed a hornet
 13681 | D:8      | Killed a hornet
 13844 | D:8      | Reached skill level 5 in Dodging
 13933 | D:8      | Noticed a two-headed ogre
 13955 | D:8      | Killed a two-headed ogre
 13956 | D:8      | Reached XP level 10. HP: 60/60 MP: 4/17
 14027 | D:8      | Noticed a two-headed ogre
 14060 | D:8      | Killed a two-headed ogre
 14061 | D:8      | Reached skill level 5 in Stealth
 14602 | D:8      | Reached skill level 5 in Fighting
 14710 | D:8      | Reached skill level 1 in Short Blades
 15929 | D:9      | Found a staircase to the Lair.
 16378 | D:9      | Learned a level 4 spell: Olgreb's Toxic Radiance
 16382 | D:9      | Learned a level 3 spell: Ignite Poison
 16395 | D:9      | Reached skill level 6 in Spellcasting
 16578 | D:9      | Noticed Grum
 16583 | D:9      | Killed Grum
 16584 | D:9      | Reached XP level 11. HP: 71/71 MP: 6/20
 16748 | D:9      | Found a radiant altar of Vehumet.
 16954 | D:9      | Found a staircase to the Orcish Mines.
 17091 | Orc:1    | Entered Level 1 of the Orcish Mines
 17095 | Orc:1    | Reached skill level 7 in Spellcasting
 17111 | Orc:1    | Noticed an orc knight
 17113 | Orc:1    | Noticed a two-headed ogre
 17116 | Orc:1    | Killed a two-headed ogre
 17117 | Orc:1    | Killed an orc knight
 17195 | Orc:1    | Found a roughly hewn altar of Beogh.
 17324 | Orc:2    | Entered Level 2 of the Orcish Mines
 17337 | Orc:2    | Found a staircase to the Elven Halls.
 17414 | Orc:2    | Reached skill level 8 in Spellcasting
 17442 | Orc:1    | Found a frozen archway.
 17450 | IceCv    | Entered an ice cave
 17841 | IceCv    | Learned a level 2 spell: Slow
 18017 | IceCv    | Reached skill level 9 in Spellcasting
 18238 | IceCv    | Learned a level 4 spell: Fulminant Prism
 19029 | IceCv    | Reached XP level 12. HP: 68/77 MP: 19/25
 19074 | IceCv    | Reached skill level 10 in Spellcasting
 19640 | IceCv    | Identified the +10 trident "Femniode" {protect, Will++}
 19845 | IceCv    | Got a scorched glaive
 19847 | IceCv    | Got a slimy flail
 19850 | IceCv    | Got an ebony shortbow
 20134 | Orc:2    | Noticed an ogre mage
 20138 | Orc:2    | Killed an ogre mage
 20280 | Orc:2    | Noticed an ogre mage
 20284 | Orc:2    | Killed an ogre mage
 20338 | Orc:2    | Paralysed by an orc sorcerer for 5 turns
 20563 | Orc:2    | Noticed an ettin
 20571 | Orc:2    | Killed an ettin
 20572 | Orc:2    | Reached skill level 11 in Spellcasting
 20708 | Orc:2    | Found Setwaf's Distillery.
 20728 | Orc:2    | Found an ancient bone altar of Kikubaaqudgha.
 20820 | Orc:2    | Found Goiv Ukk's Antique Weapon Shop.
 20829 | Orc:2    | Noticed an ogre mage
 20833 | Orc:2    | Noticed an ogre mage
 20837 | Orc:2    | Paralysed by an orc sorcerer for 6 turns
 20840 | Orc:2    | HP: 1/121 [ogre mage/crystal spear (32)]
 20842 | Orc:2    | Killed from afar by an orc sorcerer

Illustrated notes

Levels and vault maps discovered:
D:1:      saegor_arrival_miasma, layout_basic
D:2:      layout_basic
D:3:      layout_basic, grunt_ministairs_15, nicolae_dithmenos_shadow_blocks
D:4:      lemuel_upstairs_altar, layout_gridville, serial_shops, shop,
          gup_sewer_entry_bowl
D:5:      layout_rooms, temple_green, kennysheep_generic_room_10
D:6:      layout_layer_cave, basic_altar, serial_undead, serial_undead_b,
          serial_undead_b, serial_undead_d, serial_undead_a, minivault_14,
          uniq_sigmund, uniq_maggie
D:7:      layout_basic, enter_bailey_2, makhleb_altar_promises_db
D:8:      layout_loops_corners, nrook_uturn
D:9:      layout_cave_pools, old_standard_altar, lair_entry_dummy, erik_orc_2,
          blue_anna_alchemist [blue_anna_fruit_fields, blue_anna_fruit_fields],
          uniq_grum
Temple:   roderic_octagonal_lattice_temple
Orc:1:    layout_diamond_mine, basic_altar, portal_ice_cave_entry_pillars_2
Orc:2:    kennysheep_orc_mage_school, layout_caves

Skill      XL: |  1  2  3  4  5  6  7  8  9 10 11 12 |
---------------+-------------------------------------+-----
Conjurations   | 2 3 4 |  4.0
Dodging        | 3 4 6 |  6.0
Transmutations | 2 3 5 6 |  6.4
Earth Magic    | 2 3 4 5 7 |  7.0
Fighting       | 2 5 7 |  7.0
Air Magic      | 1 3 |  3.0
Poison Magic   | 3 6 |  6.0
Spellcasting   | 5 6 9 11 | 11.0
Summonings     | 2 |  2.0
Evocations     | 2 5 |  5.0
Stealth        | 4 5 |  5.0
Short Blades   | 4 |  4.0
Fire Magic     | 4 |  4.0
Translocations | |  1.0

Action                   |  1- 3 |  4- 6 |  7- 9 | 10-12 || total
-------------------------+-------+-------+-------+-------++-------
Melee: Dagger            |    28 |   110 |   218 |   143 ||   499
       Constrict         |     7 |    14 |    55 |    36 ||   112
       Tentacles         |     3 |    11 |    51 |    58 ||   123
       Scythe            |       |       |       |    55 ||    55
 Cast: Magic Dart        |    64 |   236 |   199 |   127 ||   626
       Call Imp          |     1 |    13 |    98 |    37 ||   149
       Mephitic Cloud    |       |       |    19 |    17 ||    36
       Stone Arrow       |       |       |    11 |    65 ||    76
       Olgreb's Toxic Ra |       |       |       |    66 ||    66
       Ignite Poison     |       |       |       |    40 ||    40
       Fulminant Prism   |       |       |       |    70 ||    70
Invok: Potion Petition   |       |       |       |     2 ||     2
Evoke: Lightning rod     |       |       |     6 |     1 ||     7
       Wand              |       |       |       |     4 ||     4
       Box of beasts     |       |       |       |     1 ||     1
  Use: Potion            |     2 |     1 |     1 |     9 ||    13
       Scroll            |       |     4 |     7 |     4 ||    15
 Stab: Sleeping          |     2 |     2 |     7 |     2 ||    13
       Confused          |       |       |     4 |     5 ||     9
       Distracted        |       |       |     3 |     1 ||     4
Armor: Skin              |     3 |    49 |    55 |    47 ||   154
Dodge: Dodged            |    23 |    62 |   165 |   168 ||   418
Block: Other             |       |    43 |     9 |       ||    52
       Reflection        |       |     2 |       |       ||     2
